Map: Blackpink LE

Players

demuLarva - Winner!

  • Race: Terran Terran
  • League: Grandmaster
  • Spawn Location: 1:00

lIlIlIlIlIlI

  • Race: Protoss Protoss
  • League: Grandmaster
  • Spawn Location: 7:00

VOD

Have the link to the VOD?

Description

Time

  • Played on: May 8, 2018, 1:40 p.m.
  • Length: 12:48
Show
View Real Time Build Order
Export as new Build Order

demuLarva Terran - Winner!

Build Orders: Reaper Expand, MMM Bio 

Get SALT Encoding   

  12  0:00  SCV  
  13  0:13  SCV  
  14  0:18  Supply Depot  
  14  0:25  SCV  
  15  0:39  SCV  
  15  0:41  Barracks  
  16  0:44  Refinery  
  16  0:51  SCV  
  17  1:03  SCV  
  18  1:15  SCV  
  19  1:31  Orbital Command  
  19  1:32  Reaper  
  20  1:45  Command Center  
  20  1:52  Supply Depot  
  20  1:57  SCV  
  21  2:04  Marine  
  22  2:09  SCV  
  23  2:15  Factory  
  23  2:16  Refinery  
  23  2:22  Barracks Reactor  
  23  2:23  SCV  
  24  2:35  SCV  
  25  2:47  SCV  
  26  2:59  Widow Mine  
  26  3:00  Starport, SCV, Marine x2  
  26  3:04  Orbital Command  
  31  3:12  SCV  
  32  3:17  Marine  
  32  3:18  Marine  
  34  3:21  Widow Mine  
  34  3:24  SCV  
  36  3:30  SCV  
  37  3:36  SCV  
  37  3:37  Viking  
  37  3:41  Supply Depot  
  40  3:43  SCV  
  40  3:44  Factory Tech Lab  
  40  3:48  SCV  
  42  3:51  Marine x2  
  42  3:55  SCV, Supply Depot  
  45  3:59  Barracks  
  45  4:00  SCV  
  46  4:03  Siege Tank  
  46  4:07  SCV  
  49  4:12  SCV  
  49  4:16  Starport Tech Lab  
  50  4:19  SCV  
  51  4:24  SCV  
  51  4:27  Barracks  
  51  4:31  SCV  
  53  4:34  Marine  
  53  4:35  Marine  
  53  4:36  SCV  
  56  4:41  Engineering Bay  
  56  4:42  Supply Depot  
  56  4:45  SCV  
  57  4:47  Starport Reactor  
  57  4:48  Factory Reactor, SCV  
  58  4:55  Refinery x2  
  58  4:56  Supply Depot  
  58  4:57  SCV  
  59  5:00  Stimpack, Marine x2  
  59  5:01  SCV  
  59  5:04  Marine  
  63  5:08  Terran Infantry Weapons Level 1  
  63  5:09  Supply Depot, SCV  
  63  5:13  SCV  
  65  5:19  Marine x2  
  65  5:20  Supply Depot  
  65  5:21  SCV  
  68  5:25  Combat Shields, SCV, Marauder  
  68  5:26  Marauder, Widow Mine  
  68  5:27  Widow Mine  
  77  5:36  Supply Depot  
  77  5:37  Marine x2  
  77  5:38  Medivac x2  
  83  5:46  Marauder  
  83  5:47  Marauder, Supply Depot  
  83  5:49  Widow Mine  
  89  5:51  Widow Mine  
  91  6:03  Marine x2  
  93  6:06  Supply Depot  
  93  6:08  Marauder  
  93  6:09  Marauder, Supply Depot  
  93  6:10  Medivac  
  93  6:11  Medivac  
  101  6:13  Widow Mine  
  101  6:15  Widow Mine  
  105  6:21  Marine x2  
  107  6:28  Supply Depot  
  107  6:29  Marauder, SCV x2  
  107  6:30  Marauder  
  113  6:34  Widow Mine  
  113  6:37  Widow Mine  
  117  6:40  Marine x2  
  117  6:43  Concussive Shells  
  119  6:50  Marauder  
  119  6:51  Marauder  
  121  7:01  Marine  
  121  7:02  Marine  
  121  7:05  Widow Mine x2  
  121  7:08  Viking x2  
  131  7:12  Marauder  
  131  7:13  Marauder  
  134  7:20  Marine  
  135  7:30  Marine  
  135  7:33  Marauder  
  135  7:34  Marauder  
  136  7:37  Command Center  
  136  7:38  Marine  
  136  7:40  Supply Depot x2  
  134  7:44  Widow Mine x2  
  136  7:54  Marauder  
  136  7:56  Marauder  
  137  8:02  Viking x2  
  141  8:08  Barracks  
  141  8:09  Barracks  
  139  8:16  Widow Mine x2  
  134  8:32  Viking x2  
  129  8:44  Marauder x2, Marine x2  
  129  8:47  Widow Mine  
  134  8:48  SCV x2  
  134  8:49  Armory, Orbital Command  
  136  8:56  Widow Mine  
  136  8:57  Barracks Reactor, Barracks Tech Lab  
  136  9:00  SCV  
  136  9:01  SCV  
  136  9:16  Marine  
  136  9:17  Marauder x2, Marine  
  110  9:21  Medivac x2  
  110  9:22  Widow Mine x2  
  101  9:29  Marauder  
  99  9:34  Marine x2  
  99  9:35  SCV  
  99  9:36  SCV  
  103  9:40  Terran Ship Weapons Level 1  
  103  9:41  Terran Infantry Weapons Level 2  
  103  9:45  Engineering Bay  
  103  9:49  Widow Mine x2  
  103  9:52  Marauder x2, Marine x2  
  113  10:01  Medivac x2  
  113  10:07  Marauder, Marine  
  114  10:13  Marauder x2, Marine x2  
  119  10:18  Terran Infantry Armor Level 1, Refinery x2  
  119  10:27  Marine  
  119  10:28  Marine  
  121  10:29  Marauder  
  121  10:32  Marine  
  121  10:33  Ghost Academy, Viking x2  
  121  10:34  Marauder  
  128  10:40  Starport  
  128  10:48  Marauder, Marine x3  
  133  10:50  Marauder  
  133  10:52  Marine  
  133  10:56  Marauder  
  136  11:06  Viking  
  136  11:07  Viking  
  136  11:08  Marine x2  
  136  11:09  Ghost  
  136  11:10  Ghost  
  138  11:20  Liberator x2  
  138  11:22  Viking  
  138  11:23  Marine  
  138  11:24  Marauder, Marine  
  123  11:27  Marine x2  
  123  11:29  Liberator  
  124  11:38  Marauder  
  126  11:40  Liberator, Marauder  
  126  11:41  Marine  
  126  11:44  Marine  
  126  11:45  Marauder  
  132  11:47  Marine  
  132  11:50  SCV  
  132  11:53  Marine  
  135  11:59  Marine  
  135  12:00  Marauder  
  143  12:01  Marauder  
  143  12:02  Marine  
  143  12:05  Marine  
  143  12:06  Marauder  
  147  12:11  Marine  
  148  12:17  Marine  
  148  12:20  Marine  
  148  12:21  Marauder  
  157  12:23  Marauder  
  157  12:25  Marine  
  163  12:30  Marine  
Show
View Real Time Build Order
Export as new Build Order

lIlIlIlIlIlI Protoss 

Build Orders: 1 Gate Expand, Oracle Opening, Colossus Rush 

Get SALT Encoding   

  12  0:00  Probe  
  13  0:12  Probe  
  14  0:17  Pylon  
  14  0:23  Probe  
  15  0:32  Probe  
  15  0:37  Gateway  
  15  0:40  Probe  
  16  0:47  Assimilator  
  17  0:51  Probe  
  18  1:03  Probe  
  19  1:15  Probe  
  20  1:22  Nexus  
  20  1:31  Cybernetics Core  
  20  1:35  Probe  
  21  1:41  Assimilator  
  22  1:47  Probe  
  22  1:48  Pylon  
  22  1:58  Adept  
  22  1:59  Probe  
  25  2:11  Probe  
  26  2:22  Stargate  
  26  2:23  Probe  
  26  2:25  Adept  
  29  2:30  Probe  
  29  2:31  Probe  
  31  2:38  Probe  
  31  2:39  Warp Gate, Probe  
  33  2:48  Probe  
  33  2:49  Probe  
  34  2:52  Adept  
  37  3:01  Probe x2  
  37  3:02  Oracle  
  39  3:10  Pylon  
  42  3:13  Probe x2  
  44  3:25  Probe  
  44  3:26  Probe  
  46  3:28  Gateway  
  46  3:30  Oracle  
  46  3:35  Pylon  
  46  3:37  Probe  
  50  3:41  Probe  
  51  3:49  Shield Battery, Probe  
  51  3:54  Nexus  
  52  3:58  Shield Battery, Probe  
  53  4:07  Phoenix  
  53  4:09  Probe  
  56  4:12  Assimilator  
  56  4:13  Assimilator  
  57  4:17  Pylon, Probe  
  57  4:21  Probe  
  58  4:28  Robotics Facility  
  58  4:29  Probe  
  59  4:33  Probe  
  60  4:41  Probe  
  61  4:46  Forge, Probe  
  61  4:47  Gateway  
  61  4:49  Sentry  
  61  4:50  Gateway  
  61  4:51  Sentry  
  66  4:53  Probe  
  66  4:58  Probe  
  68  5:04  Immortal  
  68  5:05  Probe  
  69  5:07  Probe  
  69  5:10  Probe  
  71  5:17  Robotics Bay, Probe  
  71  5:19  Probe  
  77  5:22  Probe  
  77  5:25  Pylon, Sentry  
  77  5:29  Protoss Ground Armor Level 1, Probe  
  77  5:31  Probe  
  77  5:32  Immortal  
  79  5:44  Probe  
  79  5:45  Probe x2  
  79  5:47  Pylon, Assimilator  
  86  5:50  Shield Battery  
  86  5:52  Assimilator  
  86  5:55  Colossus  
  86  5:57  Probe x2  
  88  6:01  Stalker x2  
  88  6:02  Probe  
  93  6:04  Pylon  
  93  6:05  Pylon  
  93  6:09  Probe x2  
  95  6:17  Shield Battery, Pylon  
  101  6:22  Extended Thermal Lance  
  101  6:24  Zealot  
  101  6:25  Gateway  
  103  6:27  Gateway, Zealot  
  105  6:36  Stalker x2, Colossus  
  109  6:48  Stalker x2  
  119  7:01  Stalker x2  
  123  7:14  Stalker  
  124  7:18  Pylon  
  122  7:22  Pylon  
  122  7:29  Pylon  
  122  7:36  Colossus  
  124  7:41  Stalker x4  
  124  7:43  Protoss Ground Weapons Level 1  
  130  7:47  Pylon  
  130  7:48  Pylon  
  130  7:49  Pylon  
  130  7:50  Pylon  
  130  7:51  Stalker x2  
  122  8:07  Stalker x4  
  130  8:25  Colossus  
  128  8:31  Nexus  
  124  8:45  Stalker x6  
  132  8:49  Pylon  
  132  8:58  Gateway  
  132  9:01  Gateway  
  132  9:11  Assimilator  
  132  9:14  Assimilator  
  132  9:16  Colossus  
  116  9:19  Stalker x2  
  116  9:20  Stalker x4  
  96  9:46  Sentry  
  96  9:49  Sentry  
  100  9:53  Zealot x4  
  108  10:05  Warp Prism  
  106  10:09  Nexus  
  112  10:16  Sentry x3  
  112  10:17  Sentry  
  116  10:24  Pylon  
  116  10:38  Stalker x3  
  116  10:40  Sentry, Stalker x2  
  116  10:41  Zealot  
  130  10:43  Pylon  
  130  10:46  Assimilator  
  130  10:50  Assimilator  
  130  11:02  Adept  
  130  11:03  Adept x6  
  144  11:06  Pylon  
  144  11:08  Pylon  
  122  11:35  Warp Prism  
  122  11:38  Stalker x7  
  118  11:50  Twilight Council, Probe x3  
  118  11:53  Probe  
  119  12:01  Forge  
  119  12:02  Immortal  
  119  12:07  Sentry, Stalker x6  
  137  12:39  Stalker x6  
Tags
 
Add a new tag
Caveats
  • Supply blocks, unpowered buildings, or Contaminate may cause inaccurate times.
  • Supply counts are checked every 10 seconds.